 Dungeon Crawl Stone Soup version 0.25.0-10-g039870ee82 (console) character file.

Game seed: 6402817615992354668

124 bli the Cutter (level 5, -8/36 HPs)
             Began as a Halfling Monk on June 23, 2020.
             Killed by divine providence
             ... invoked by an orc priest
              (14 damage)
             ... on level 4 of the Dungeon.
             The game lasted 00:10:46 (3038 turns).

bli the Cutter (Halfling Monk)                      Turns: 3038, Time: 00:10:47

Health: -8/36      AC:  4    Str: 12    XL:     5   Next: 30%
Magic:  5/5        EV: 17    Int:  8    God:
Gold:   244        SH:  0    Dex: 18    Spells: 4/4 levels left

rFire    . . .     SeeInvis .   a - +0 short sword
rCold    . . .     Gourm    .   (shield restricted)
rNeg     . . .     Faith    .   r - +0 robe
rPois    .         Spirit   .   j - +0 helmet
rElec    .         Reflect  .   (no cloak)
rCorr    .         Harm     .   y - +0 pair of gloves (curse)
MR       .....                  (no boots)
Stlth    ++........             (no amulet)
HPRegen  0.12/turn              (no ring)
MPRegen  0.09/turn              (no ring)

@: no status effects
A: small, mutation resistance 1
a: no special abilities


You were on level 4 of the Dungeon.
You were not hungry.

You visited 1 branch of the dungeon, and saw 4 of its levels.

You collected 244 gold pieces.

Inventory:

Hand Weapons
 a - a +0 short sword (weapon)
 b - a +0 dagger
 d - a +4 spear
 i - a cursed -3 spear
Missiles
 g - 26 poisoned darts (quivered)
 u - 25 sling bullets
 w - 2 boomerangs
Armour
 j - a +0 helmet (worn)
 p - a +0 leather armour
 r - a +0 robe (worn)
 y - a cursed +0 pair of gloves (worn)
Jewellery
 n - a +6 ring of strength {unknown}
Scrolls
 e - 5 scrolls of identify {unknown}
 h - 2 scrolls of teleportation {unknown}
 o - 3 scrolls of enchant armour {unknown}
 s - a scroll of amnesia {unknown}
 t - a scroll of remove curse {unknown}
Potions
 f - a potion of heal wounds {unknown}
 k - a potion of curing {unknown}
 l - 2 potions of lignification {unknown}
 m - 2 potions of degeneration {unknown}
 q - a potion of might {unknown}
 v - a potion of berserk rage {unknown}
 x - a potion of magic {unknown}
 z - a potion of invisibility {unknown}
Comestibles
 c - 6 rations


   Skills:
 + Level 3.1 Fighting
 + Level 5.4 Short Blades
 + Level 4.1 Dodging
 + Level 2.9 Stealth


You had 4 spell levels left.
You didn't know any spells.
Your spell library contained the following spells:

 Spells                   Type           Power        Failure   Level  Hunger
 Corona                   Hex            #......      41%         1    ##.....
 Ensorcelled Hibernation  Hex/Ice        #.....       54%         2    ###....
 Confusing Touch          Hex            #.......     78%         3    ####...
 Dazzling Flash           Conj/Hex       #.....       78%         3    ####...
 Tukima's Dance           Hex            #.......     78%         3    ####...


Dungeon Overview and Level Annotations

Branches:
Dungeon (4/15)
 Temple: D:4-7

Altars:
Uskayaw
Wu Jian

Annotations:
D:3 2 transporters


Innate Abilities, Weirdness & Mutations

You are small and have problems with some larger weapons.
You are somewhat resistant to further mutation.


Message History

The orc priest is lightly wounded.
Throwing (i - inventory. (/) - cycle)
g - 27 poisoned darts (quivered)
Press: ? - help, Shift-Dir - straight line, f/p - orc priest
Aim: an orc priest, wielding a +0 falchion and wearing a +0 chain mail (lightly wounded)
You throw a poisoned dart. The poisoned dart hits the orc priest.
The orc priest is poisoned.
The orc priest is lightly wounded.
The orc priest hits you but does no damage.
You hit the orc priest but do no damage.
The orc priest is lightly wounded.
The orc priest hits you but does no damage.
You hit the orc priest.
The orc priest is severely wounded.
The orc priest closely misses you.
You hit the orc priest but do no damage.
The orc priest is severely wounded.
You hit the orc priest but do no damage.
The orc priest is severely wounded.
The orc priest calls down the wrath of Beogh upon you.
Beogh smites you!
You die...

....#..# #.... #...
#.....# #..... #...#
#....#####......
###...#
#....##........
.....#
#..............
.....#
#..........(... ....#
#...#.........( ....#
##.(###..###w(..
....### ###..).#####
..(
###...######........#
.w #
#......#......@...#
#...........###o..#
#..........#####(.#
#..........((.)..(#
#..(.........)w...#
#................(#
#....<........######
...............#
...............#
..........#
........##


You could see an orc priest (poisoned).

Vanquished Creatures
  2 adders (D:2)
  A worm (D:2)
  2 dart slugs
  A leopard gecko (D:1)
  6 orcs
  5 giant cockroaches
  9 goblins
  5 hobgoblins
  4 jackals (D:3)
  7 kobolds
  A ball python (D:1)
  12 bats
  3 frilled lizards
  9 rats
67 creatures vanquished.

Vanquished Creatures (others)
  An orc wizard (D:4)
1 creature vanquished.

Grand Total: 68 creatures vanquished

Notes
Turn   | Place    | Note
-------+----------+-------------------------------------------
     0 | D:1      | bli the Halfling Monk began the quest for the Orb.
     0 | D:1      | Reached XP level 1. HP: 15/15 MP: 1/1
   139 | D:1      | Reached skill level 4 in Short Blades
   151 | D:1      | Reached XP level 2. HP: 16/20 MP: 2/2
   529 | D:1      | Reached XP level 3. HP: 23/25 MP: 3/3
  1338 | D:2      | Reached XP level 4. HP: 27/30 MP: 4/4
  1417 | D:2      | Found a hide-covered altar of Uskayaw.
  1443 | D:2      | Reached skill level 5 in Short Blades
  2260 | D:3      | Found an ornate altar of the Wu Jian Council.
  2260 | D:3      | Found a transporter.
  2263 | D:3      | Noticed a yak
  2267 | D:3      | Found a transporter.
  2652 | D:3      | Found a faded altar of an unknown god.
  3013 | D:4      | Reached XP level 5. HP: 18/36 MP: 5/5
  3038 | D:4      | Killed from afar by an orc priest

Illustrated notes

Levels and vault maps discovered:
D:1:      ebering_hopf_link, layout_basic
D:2:      wad_crossroads, layout_loops_ring, eat_drink_and_be_merry_uskayaw
D:3:      layout_loops_corners, gammafunk_temple_overflow_arena, first_ration,
          chequers_ecumenical_altar_lobes
D:4:      layout_layer_cave, marbit_many_paths, kennysheep_little_box,
          minmay_temple_entry_overgrown, serial_bayou_lake_a

Skill      XL: |  1  2  3  4 |
---------------+-------------+-----
Short Blades   | 4 5 |  5.4
Fighting       | 3 |  3.1
Dodging        | 4 |  4.1
Stealth        | |  2.9

Action                   |  1- 3 |  4- 6 || total
-------------------------+-------+-------++-------
Melee: Short sword       |   142 |   123 ||   265
Throw: Dart              |     4 |    20 ||    24
 Stab: Sleeping          |     4 |     5 ||     9
  Eat: Chunk             |     1 |     6 ||     7
Armor: Robe              |    19 |    19 ||    38
Dodge: Dodged            |   115 |    82 ||   197
